 Dungeon Crawl Stone Soup version 0.26-a0-21-gf97e55dc39 (webtiles) character file.

Game seed: 6873386262270285749, levelgen mode: deterministic

499 Essalna the Chiller (level 6, -6/35 HPs)
             Began as a Deep Elf Ice Elementalist on May 26, 2020.
             Mangled by an ice beast (13 damage)
             ... on level 5 of the Dungeon.
             The game lasted 00:13:11 (5032 turns).

Essalna the Chiller (Deep Elf Ice Elementalist)     Turns: 5032, Time: 00:13:12

Health: -6/35      AC:  4    Str:  5    XL:     6   Next: 94%
Magic:  13/15      EV: 14    Int: 22    God:
Gold:   180        SH:  0    Dex: 15    Spells: 7/15 levels left

rFire    . . .     SeeInvis .   q - +3 falchion
rCold    . . .     Gourm    .   (no shield)
rNeg     . . .     Faith    .   a - +0 robe
rPois    .         Spirit   .   o - +0 helmet
rElec    .         Reflect  .   (no cloak)
rCorr    .         Harm     .   (no gloves)
MR       .....                  m - +0 pair of boots
Stlth    ++........             (no amulet)
HPRegen  0.11/turn              (no ring)
MPRegen  0.14/turn              (no ring)

@: no status effects
A: no striking features
a: no special abilities


You were on level 5 of the Dungeon.
You were not hungry.

You visited 1 branch of the dungeon, and saw 5 of its levels.

You collected 180 gold pieces.

Inventory:

Hand Weapons
 e - a +0 dagger
 q - a +3 falchion (weapon)
Armour
 a - a +0 robe (worn)
 l - a +2 ring mail of poison resistance
 m - a +0 pair of boots (worn)
 o - a +0 helmet (worn)
Scrolls
 b - 3 scrolls of remove curse {unknown}
 d - 4 scrolls of identify {unknown}
 h - 3 scrolls of teleportation {unknown}
 i - 2 scrolls of noise {unknown}
 k - a scroll of amnesia {unknown}
Potions
 f - 2 potions of heal wounds {unknown}
 g - 6 potions of curing {unknown}
 j - a potion of might {unknown}
 p - 2 potions of berserk rage {unknown}
 r - 2 potions of degeneration {unknown}
Comestibles
 c - 12 rations


   Skills:
 + Level 2.2 Fighting
 - Level 2.0 Armour
 + Level 4.4 Dodging
 - Level 2.4 Stealth
 + Level 5.2 Spellcasting
 + Level 2.2 Conjurations
 + Level 5.5 Ice Magic


You had 7 spell levels left.
You knew the following spells:

 Your Spells              Type           Power        Failure   Level  Hunger
a - Freeze                Ice            ####         1%          1    None
b - Frozen Ramparts       Ice            ####..       3%          3    ##.....
c - Hailstorm             Conj/Ice       ###.....     21%         4    ####...

Your spell library contained the following spells:

 Spells                   Type           Power        Failure   Level  Hunger
 Ozocubu's Armour         Chrm/Ice       ###.....     10%         3    ##.....
 Summon Ice Beast         Ice/Summ       ###.....     32%         4    ####...


Dungeon Overview and Level Annotations

Branches:
Dungeon (5/15)
 Temple: D:4-7

Altars:
Yredelemnul


Message History

The ice beast is lightly wounded.
You barely miss the ice beast.
The ice beast is lightly wounded.
The ice beast completely resists.
The wall freezes the ice beast but do no damage.
The ice beast barely misses you.
You hit the ice beast but do no damage.
The ice beast is lightly wounded.
The ice beast completely resists.
The wall freezes the ice beast but do no damage.
The ice beast barely misses you.
You hit the ice beast but do no damage.
The ice beast is lightly wounded.
The frozen ramparts melt away.
The ice beast hits you. The ice beast freezes you!
* * * LOW HITPOINT WARNING * * *
The ice beast hits you.
* * * LOW HITPOINT WARNING * * *
The ice beast freezes you!
You die...

#.# #.# # ####.##.#
#### #.......# #...
#######.##.##### #.##
#..............#####.#
#.#####..............##
#.#####.##...........#.
#....Y@..........##.#..
#..####.##.............
#.##.#...####....
.....#...###.....
#................
######.#######... ##..
##. #รท


You could see an ice beast.

Vanquished Creatures
  An ogre (D:5)
  A bullfrog (D:4)
  A scorpion (D:4)
  2 hounds (D:4)
  An iguana (D:4)
  A worker ant (D:4)
  A hound zombie (D:5)
  4 gnolls
  3 adders
  3 oozes
  An adder skeleton (D:4)
  A worm (D:2)
  4 dart slugs
  6 leopard geckos
  5 orcs
  5 giant cockroaches
  8 goblins
  5 hobgoblins
  2 jackals (D:4)
  10 kobolds
  A quokka (D:4)
  A ball python (D:3)
  7 bats
  3 frilled lizards (D:1)
  A jackal skeleton (D:4)
  9 rats
87 creatures vanquished.

Notes
Turn   | Place    | Note
-------+----------+-------------------------------------------
     0 | D:1      | Essalna the Deep Elf Ice Elementalist began the quest for
                  | the Orb.
     0 | D:1      | Reached XP level 1. HP: 10/10 MP: 6/6
   126 | D:1      | Reached XP level 2. HP: 7/15 MP: 5/8
  1140 | D:1      | Reached XP level 3. HP: 20/20 MP: 8/10
  1383 | D:2      | Reached skill level 1 in Armour
  1417 | D:2      | Reached skill level 1 in Fighting
  1586 | D:2      | Reached XP level 4. HP: 24/25 MP: 7/11
  1718 | D:2      | Learned a level 3 spell: Frozen Ramparts
  1723 | D:2      | Learned a level 4 spell: Hailstorm
  2494 | D:3      | Found a basalt altar of Yredelemnul.
  2921 | D:3      | Reached XP level 5. HP: 29/29 MP: 11/13
  3237 | D:4      | Reached skill level 1 in Conjurations
  3237 | D:4      | Reached skill level 5 in Ice Magic
  3564 | D:4      | Reached XP level 6. HP: 25/35 MP: 10/15
  4790 | D:5      | Entered Level 5 of the Dungeon
  4847 | D:5      | Reached skill level 5 in Spellcasting
  5023 | D:5      | Noticed an ice beast
  5032 | D:5      | Mangled by an ice beast

Illustrated notes

Levels and vault maps discovered:
D:1:      dpeg_arrival_pond, layout_rooms, dk_noncrumbling_3
D:2:      layout_rooms
D:3:      layout_loops_ring, lemuel_round_altar, minmay_puff
D:4:      layout_layer_cave
D:5:      layout_loops_ring, lemuel_crystal_altar, serial_shops, shop_fountains,
          first_ration

Skill      XL: |  1  2  3  4  5  6 |
---------------+-------------------+-----
Dodging        | 3 4 |  4.4
Armour         | 1 2 |  2.0
Fighting       | 1 2 |  2.2
Spellcasting   | 4 5 |  5.2
Conjurations   | 1 2 |  2.2
Ice Magic      | 5 |  5.5
Stealth        | |  2.4

Action                   |  1- 3 |  4- 6 || total
-------------------------+-------+-------++-------
Melee: Dagger            |     2 |    29 ||    31
       Falchion          |       |    18 ||    18
 Cast: Freeze            |    59 |    38 ||    97
       Frozen Ramparts   |       |    14 ||    14
 Stab: Sleeping          |     1 |     4 ||     5
  Eat: Chunk             |     2 |    11 ||    13
Armor: Robe              |     5 |    17 ||    22
Dodge: Dodged            |    32 |    51 ||    83
       Rpst.: Falchion   |       |     1 ||     1

Table legend:
 A = Non-vault XP
 B = Vault XP
 C = Vault XP percentage of total XP
 D = Non-vault monster count
 E = Vault monster count
 F = Vault count percentage of total count
                 A         B        C        D         E       F
            +---------+---------+-------+---------+---------+-------
      Total |     701 |      12 |   1.7 |      80 |       7 |   8.0
            +---------+---------+-------+---------+---------+-------
        D:1 |      72 |       0 |   0.0 |      25 |       0 |   0.0
        D:2 |      89 |       0 |   0.0 |      20 |       0 |   0.0
        D:3 |      33 |      12 |  26.7 |      14 |       7 |  33.3
        D:4 |     356 |       0 |   0.0 |      18 |       0 |   0.0
        D:5 |     151 |       0 |   0.0 |       3 |       0 |   0.0
            +---------+---------+-------+---------+---------+-------
